 Dungeon Sprint DCSS version 0.30-a0-953-g5f1da4a474 (webtiles) character file.

Game seed: 6236253364571874311

26 Parcival the Covered (level 2, -1/29 HPs)
             Began as a Minotaur Fighter on Mar 28, 2023.
             Slain by a water elemental (14 damage)
             ... in the Dungeon (Sprint III: "The Ten Rune Challenge").
             The game lasted 00:00:52 (103 turns).

Parcival the Covered (Minotaur Fighter)              Turns: 103, Time: 00:00:53

Health: -1/29      AC:  7    Str: 20    XL:     2   Next: 89%
Magic:  1/1        EV:  9    Int:  5    God:
Gold:   11         SH:  4    Dex:  9    Spells: 1/1 levels left

rFire   . . .      SeeInvis .    a - +0 war axe
rCold   . . .      Faith    .    c - +0 buckler
rNeg    . . .      Spirit   .    b - +0 scale mail
rPois   .          Reflect  .    (helmet restricted)
rElec   .          Rampage  .    (no cloak)
rCorr   .          NoTele   +    (no gloves)
Will    .....                    (no boots) Stlth
                                 (no amulet)
HPRegen 0.24/turn                (no ring)
MPRegen 0.07/turn                (no ring)

@: engulfed (cannot breathe)
A: horns 2, retaliatory headbutt
a: no special abilities


You were in the Dungeon.
You visited 1 branch You collected 11 gold pieces.

Inventory:

Hand Weapons
 a - a +0 war axe (weapon)
Armour
 b - a +0 scale mail (worn)
 c - a +0 buckler (worn)
Scrolls
 j - a scroll of blinking
Potions
 d - a potion of might
 e - a potion of curing
 f - a potion of heal wounds
 g - a potion of haste
 h - 2 potions of magic
 i - a potion of berserk rage
 k - a potion of cancellation {unknown}


   Skills:
 + Level 5.2 Fighting
 + Level 3.6 Axes
 + Level 5.3 Armour
 + Level 5.0 Shields


You had one spell level left.
You didn't know any spells.
Your spell library was empty.

Dungeon Overview and Level Annotations

Branches:
Dungeon (1/1)

Altars:


Innate Abilities, Weirdness & Mutations

You have a pair of horns on your head.
You reflexively headbutt those who attack you in melee.


Message History

You slash the human! Your headbutt misses the human.
The human is heavily wounded.
The human hits you but does no damage.
You hit the human. Your headbutt misses the human.
The human is severely wounded.
The human hits you but does no damage.
You slash the human! Your headbutt misses the human.
The human is almost dead.
The human hits you. You block the human's attack.
You closely miss the human. You headbutt the human.
You kill the human!
Your Fighting skill increases to level 5!
Your Axes skill increases to level 3!
Your Armour skill increases to level 5!
You have reached level 2!
Okay, then.
HP restored.
A phantom comes into view.
A phantom is nearby!
A phantom is nearby!
The phantom attacks as you move away! The phantom hits you.
You hit the phantom.
You headbutt the phantom, but do no damage.
The phantom is severely damaged.
The phantom misses you. The phantom completely misses you.
You hit the phantom.
You destroy the phantom!
Your Shields skill increases to level 5!
You open the door.
A water elemental comes into view.
The water elemental moves out of view.
You slash the water elemental!
You headbutt the water elemental, but do no damage.
The water elemental is moderately damaged.
The water elemental hits you!
The water elemental engulfs you in water!
You slash the water elemental!
The water elemental is severely damaged.
Your lungs strain for air!
The water elemental hits you!
You die...

▓▓▓ ▓▓▓ <.# .. ♣.# ..#
....♣. ♣.# #'####....♣.
♣♣.# .....#....~.♣ ♣..#
#+#+#
.....#...~~.♣♣♣♣.#......
.....#..~~~~.♣♣.@E.⌠....
####'#..~≈≈~~~...#...###
....†#.~~≈~~~....#.⌠.#
.....#.~≈~~~.....# ..#
.....#.~~~.......# ###
'#####...........#
.................#
▓▓▓▓▓▓▓▓▓▓▓▓▓▓▓▓▓▓


You could see a water elemental.

Vanquished Creatures
  A human (D)
  A phantom (D)
  An endoplasm (D)
  3 rats (D)
6 creatures vanquished.

Notes
Turn   | Place    | Note
-------+----------+-------------------------------------------
     0 | D        | Parcival the Minotaur Fighter began the quest for the Orb.
     0 | D        | Reached XP level 1. HP: 19/19 MP: 0/0
    44 | D        | Reached skill level 5 in Fighting
    44 | D        | Reached skill level 5 in Armour
    44 | D        | Reached XP level 2. HP: 22/29 MP: 1/1
    85 | D        | Reached skill level 5 in Shields
   100 | D        | Noticed a water elemental
   103 | D        | Slain by a water elemental

Illustrated notes

Levels and vault maps discovered:
D:        dungeon_sprint_mu [sprint_mu_entry_forest, sprint_mu_temple_rooms,
          sprint_mu_d1_horrors, sprint_mu_d2_genie, sprint_mu_d3_branching,
          sprint_mu_orc_legion, sprint_mu_elf_gauntlet, sprint_mu_hive_nellie,
          sprint_mu_lair_fedhas, sprint_mu_vaults_butterflies,
          sprint_mu_slime_circle, sprint_mu_shoals_kraken,
          sprint_mu_snake_twists, sprint_mu_blade_basic, sprint_mu_crypt_lich,
          sprint_mu_tomb_spiral, sprint_mu_vestibule_basic,
          sprint_mu_gehenna_hellfire, sprint_mu_dis_giant,
          sprint_mu_tartarus_statrot, sprint_mu_cocytus_islands, sprint_mu_zot1]

Skill      XL: |  1  2 |
---------------+-------+-----
Fighting       | 5 |  5.2
Armour         | 5 |  5.3
Shields        | 4 5 |  5.0
Axes           | 3 |  3.6

Action                     || total
---------------------------++-------
  Melee: War axe           ||    18
         Headbutt          ||     4
 Armour: Scale mail        ||     8
  Dodge: Dodged            ||     9
  Block: Buckler           ||     6

Table legend: (Time is in decaauts)
 A = Elapsed time spent in this place.
 B = Non-inter-level travel time spent in this place.
 C = Inter-level travel time spent in this place.
 D = Time resting spent in this place.
 E = Time spent auto-exploring this place.
 F = Levels seen in this place.
 G = Mean time per level.
                   A        B        C        D        E       F      G
               +--------+--------+--------+--------+--------+-----+--------+
         Total |    109 |    109 |      0 |      0 |     61 |   1 |  109.0 |
       Dungeon |    109 |    109 |      0 |      0 |     61 |   1 |  109.0 |
               +--------+--------+--------+--------+--------+-----+--------+

Top non-repeatable levels by time:
       D: 109 daAuts
